 Dungeon Crawl Stone Soup version 0.27.1-4-g1640c2035a (webtiles) character file.

Game seed: 14773773373061763458

19354 oldmanjim the Blocker (level 12, -12/96 HPs)
             Began as a Yellow Draconian Conjurer on Nov 10, 2021.
             Was a High Priest of Okawaru.
             Mangled by a white ugly thing (33 damage)
             ... in an ice cave on Nov 11, 2021.
             The game lasted 03:15:12 (25207 turns).

oldmanjim the Blocker (Yellow Draconian Conjurer)  Turns: 25207, Time: 03:15:15

Health: -12/96     AC: 11    Str: 10    XL:     12   Next: 35%
Magic:  6/22       EV: 14    Int: 27    God:    Okawaru [*****.]
Gold:   652        SH:  0    Dex: 12    Spells: 9/25 levels left

rFire    . . .     SeeInvis .   a - +9 arbalest "Moseotag" {flame, Int+4 Dex+2}
rCold    . . .     Faith    .   (shield currently unavailable)
rNeg     . . .     Spirit   .   (armour unavailable)
rPois    .         Reflect  .   (helmet restricted)
rElec    .         Harm     .   I - +1 cloak
rCorr    +         Rampage  .   (no gloves)
Will     .....                  z - +0 pair of boots
Stlth    +++.......             q - amulet of the acrobat
HPRegen  0.26/turn              G - +4 ring of slaying
MPRegen  0.18/turn              j - ring of flight

@: short of breath, flying, very slightly contaminated, slowed, very slow
A: spit acid, AC +8, unfitting armour, cold-blooded, acid resistance
a: Breathe Acid, Renounce Religion, Heroism, Finesse


You were in an ice cave.
You worshipped Okawaru.
Okawaru was extremely pleased with you.
You visited 1 branch of the dungeon, and saw 13 of its levels.
You visited the Abyss 2 times.
You also visited: Sewer, Ossuary, Bailey and Ice Cave.

You collected 870 gold pieces.
You spent 218 gold pieces at shops.

Inventory:

Hand Weapons
 a - the +9 arbalest "Moseotag" (weapon) {flame, Int+4 Dex+2}
   (Okawaru gifted it to you on level 10 of the Dungeon)

   Any ammunition fired from it burns those it strikes, dealing additional fire
   damage.
   Int:       It affects your intelligence (+4).
   Dex:       It affects your dexterity (+2).
 b - a +1 dagger
 H - a +0 dagger of venom
Missiles
 l - 49 bolts (quivered ammo)
 m - 191 arrows
 y - 31 poisoned darts
 A - 69 boomerangs
 C - a curare-tipped dart
 J - 2 throwing nets
 K - 2 boomerangs of dispersal
Armour
 z - a +0 pair of boots (worn)
 D - the +3 warlock's mirror {reflect}
   (You found it on level 10 of the Dungeon)

   It can block and reflect piercing ranged attacks and magical attacks against
   the wielder's willpower.
 I - a +1 cloak (worn)
 Q - a +2 kite shield
Jewellery
 j - a ring of flight (right hand)
 q - an amulet of the acrobat (around neck)
 t - an amulet of reflection
 G - a +4 ring of slaying (left hand)
Wands
 w - a wand of iceblast (31)
 x - a wand of flame (68)
 F - a wand of polymorph (4)
 P - a wand of mindburst (9)
Scrolls
 e - 3 scrolls of enchant weapon
 f - a scroll of blinking
 g - a scroll of magic mapping
 k - 3 scrolls of teleportation
 o - 4 scrolls of amnesia
 O - a scroll of fear {unknown}
Potions
 c - 5 potions of curing
 d - a potion of attraction {unknown}
 h - 2 potions of mutation
 i - 2 potions of resistance
 n - 4 potions of cancellation
 p - 2 potions of brilliance
 r - 2 potions of flight
 s - a potion of haste
 u - 2 potions of lignification
 v - a potion of invisibility {unknown}
 B - a potion of might {unknown}
 N - a potion of ambrosia


   Skills:
 - Level 6.0 Fighting
 - Level 6.0 Dodging
 - Level 6.0 Stealth
 - Level 10.4 Shields
 - Level 0.1 Unarmed Combat
 - Level 7.0 Spellcasting
 - Level 9.0 Conjurations
 - Level 2.0 Hexes
 - Level 6.0 Translocations
 - Level 5.0 Transmutations
 - Level 5.0 Invocations
 + Level 2.9 Evocations


You had 9 spell levels left.
You knew the following spells:

 Your Spells              Type           Power      Damage    Failure   Level
a - Magic Dart            Conj           100%       1d8       1%          1
b - Searing Ray           Conj           100%       3d7       1%          2
c - Fulminant Prism       Conj/Hex       19%        3d11      6%          4
d - Iskenderun's Mystic   Conj/Tloc      50%        2d11      2%          4
e - Irradiate             Conj/Tmut      23%        3d21      9%          5

Your spell library contained the following spells:

 Spells                   Type           Power      Damage    Failure   Level
 Beastly Appendage        Tmut           72%        N/A       1%          1
 Wereblood                Tmut           36%        N/A       1%          2
 Dazzling Flash           Conj/Hex       78%        N/A       1%          3
 Gell's Gravitas          Tloc           20%        N/A       1%          3
 Teleport Other           Tloc           41%        N/A       1%          3
 Portal Projectile        Hex/Tloc       62%        N/A       3%          3
 Iskenderun's Battlesphe  Conj           55%        2d11      4%          5
 Freeze                   Ice            36%        1d6       6%          1
 Spider Form              Tmut/Pois      11%        N/A       6%          3
 Sublimation of Blood     Necr           4%         N/A       9%          2
 Call Canine Familiar     Summ           9%         N/A       17%         3
 Ozocubu's Armour         Ice            9%         N/A       17%         3
 Petrify                  Tmut/Erth      22%        N/A       21%         4
 Leda's Liquefaction      Hex/Erth       7%         N/A       36%         4
 Dispersal                Tloc           20%        N/A       58%         6
 Metabolic Englaciation   Hex/Ice        7%         N/A       71%         5
 Iron Shot                Conj/Erth      16%        9d4       80%         6
 Simulacrum               Ice/Necr       4%         N/A       100%        6
 Spellforged Servitor     Conj/Summ      16%        N/A       100%        7


Dungeon Overview and Level Annotations

Branches:
Dungeon (13/15)            Temple (0/1) D:6            Lair (0/6) D:9
    Orc (0/2) D:10         Vaults (0/5) D:13          Sewer (visited)
Ossuary (visited)          Bailey (visited)           IceCv (1/1)

Altars:
Cheibriados
Dithmenos
Elyvilon
Hepliaklqana
Makhleb
Okawaru
Trog
Uskayaw
Vehumet
Xom
Yredelemnul
Zin
Beogh

Shops:
D:1 (   D:12 :*

Annotations:
D:3 1 runed translucent door, exclusion: door, Crazy Yiuf
D:9 3 runed translucent doors, exclusion: 3 doors, earthworldpsion's ghost, novice MiBe


Innate Abilities, Weirdness & Mutations

You can spit globs of acid.
Your golden yellow scales are hard. (AC +8)
You cannot fit into any form of body armour.
You are cold-blooded and may be slowed by cold attacks.
You are resistant to acid. (rCorr)


Message History

You are very lightly contaminated with residual magic.
The green ugly thing engulfs you! The green ugly thing engulfs you!
* * * LOW HITPOINT WARNING * * *
You are too injured to fight recklessly!
Aiming: Throw Flame
Press: ? - help, Q - select action, (/) - cycle Shift-Dir - straight line, f - green ugly thing
Aim: a green ugly thing (heavily wounded, 71% to hit)
The puff of flame misses the green ugly thing.
The green ugly thing basks in your mutagenic energy and changes!
Aiming: Throw Flame
Press: ? - help, Q - select action, (/) - cycle Shift-Dir - straight line, f/p - white ugly thing
Aim: a white ugly thing (heavily wounded, 71% to hit)
The puff of flame hits the white ugly thing.
The white ugly thing is heavily wounded.
Unknown command.
Aiming: Throw Flame
Press: ? - help, Q - select action, (/) - cycle Shift-Dir - straight line, f/p - white ugly thing
Aim: a white ugly thing (heavily wounded, 71% to hit)
The puff of flame hits the white ugly thing!
The white ugly thing is severely wounded.
The white ugly thing gores you but does no damage.
Aiming: Throw Flame
Press: ? - help, Q - select action, (/) - cycle Shift-Dir - straight line, f/p - white ugly thing
Aim: a white ugly thing (severely wounded, 71% to hit)
The puff of flame hits the white ugly thing!
The white ugly thing is severely wounded.
The white ugly thing gores you but does no damage.
Abil: Breathe Acid
Press: ? - help, Q - select action, (/) - cycle Shift-Dir - straight line, f/p - white ugly thing
Aim: a white ugly thing (severely wounded)
You spit a glob of acid.
The glob of acid hits the white ugly thing!
The white ugly thing is splashed with acid.
The acid corrodes the white ugly thing!
The white ugly thing is almost dead.
The white ugly thing gores you.
* * * LOW HITPOINT WARNING * * *
The white ugly thing freezes you!!
You feel yourself slow down.
You die...

#####
##...##
##..∩..##
#
#...@...#
..
#...u...#
#!#
##.....##
#!#
##...##
#(###
#...##
#..##
##...#
##..#
##...#
##..##
##...##
##..##
#...##


You could see a white ugly thing (corroded).

Vanquished Creatures
  A boulder beetle (D:7)
  3 two-headed ogres
  A death yak (IceCv)
  2 wizards (D:10)
  2 necromancers (D:13)
  An orc knight (Bailey)
  2 cyclopes
  An ice statue (IceCv)
  An unseen horror (D:12)
  3 gargoyles
  3 rime drakes (IceCv)
  A komodo dragon (D:9)
  4 trolls
  A hornet (D:9)
  4 polar bears (IceCv)
  A wraith (D:13)
  4 yaks (IceCv)
  2 shadows
  3 vampires
  2 wyverns
  4 fire bats (D:10)
  Eustachio (D:6)
  2 vampire mosquitoes (D:12)
  Menkaure (D:5)
  A hell hound (D:10)
  A black bear (D:6)
  4 orc warriors
  An ice beast (D:6)
  2 necrophages
  2 hornet zombies
  5 ogres
  3 wolves (IceCv)
  4 centaurs
  A phantom (D:6)
  5 kobold brigands
  A bullfrog (D:8)
  3 gnoll sergeants
  A scorpion (D:4)
  10 killer bees
  5 wights
  3 howler monkeys
  4 centaur zombies
  2 lava snakes (D:10)
  5 orc priests
  A hound (D:7)
  5 jellies
  A centaur skeleton (D:6)
  2 bullfrog skeletons (D:5)
  5 iguanas
  7 orc wizards
  Terence (D:2)
  A killer bee zombie (D:8)
  A hound zombie (D:5)
  A mummy (Ossuary)
  12 gnolls
  2 howler monkey skeletons
  3 howler monkey zombies
  11 adders
  3 river rats (Sewer)
  A shadow imp (D:5)
  2 white imps (D:6)
  An ufetubus (D:6)
  3 worms
  3 dart slugs
  22 orcs
  4 spectral bats (Ossuary)
  12 ball pythons
  3 bats
  8 endoplasms
  3 giant cockroaches
  12 gnoll zombies (Ossuary)
  16 goblins
  7 hobgoblins
  5 jackals
  6 quokkas
  3 bat simulacra (Ossuary)
  3 frilled lizards
  A goblin simulacrum (Ossuary)
  A goblin skeleton (D:4)
  6 goblin zombies (Ossuary)
  2 hobgoblin zombies (Ossuary)
  27 kobolds
  4 kobold simulacra (Ossuary)
  7 kobold zombies (Ossuary)
  3 orc zombies (Ossuary)
  6 rats
  4 rat simulacra (Ossuary)
  6 spectral goblins (Ossuary)
  2 spectral kobolds (Ossuary)
  4 spectral rats (Ossuary)
  3 fire vortices (D:10)
359 creatures vanquished.

Vanquished Creatures (others)
  2 wizards (D:10)
  2 fulminant prisms (D:11)
  45 plants
49 creatures vanquished.

Grand Total: 408 creatures vanquished

Notes
Turn   | Place    | Note
-------+----------+-------------------------------------------
     0 | D:1      | oldmanjim the Draconian Conjurer began the quest for the
                  | Orb.
     0 | D:1      | Reached XP level 1. HP: 14/14 MP: 3/3
   192 | D:1      | Reached skill level 1 in Fighting
   391 | D:1      | Found Tuhamija's Weapon Shop.
   424 | D:1      | Reached XP level 2. HP: 23/23 MP: 1/5
  1195 | D:1      | Learned a level 2 spell: Searing Ray
  1442 | D:2      | Reached XP level 3. HP: 29/29 MP: 2/6
  2324 | D:3      | Noticed Terence
  2380 | D:2      | Killed Terence
  2381 | D:2      | Reached skill level 5 in Conjurations
  2673 | D:3      | Found a faded altar of an unknown god.
  2695 | D:3      | Reached XP level 4. HP: 36/36 MP: 1/7
  2760 | D:3      | Got Plato's Reference Book on Ice
  3461 | D:3      | Found a runed translucent door.
  3462 | D:3      | Noticed Crazy Yiuf
  3628 | D:3      | Found a hazy altar of Hepliaklqana.
  3935 | D:4      | Noticed a necrophage
  3950 | D:3      | Killed a necrophage
  3951 | D:3      | Reached XP level 5. HP: 27/45 MP: 0/9
  4585 | D:4      | Found a bloodstained altar of Trog.
  4871 | D:4      | Found a shimmering altar of Xom.
  4871 | D:4      | Found a glowing silver altar of Zin.
  4872 | D:4      | Noticed an angel
  5150 | D:4      | Found a white marble altar of Elyvilon.
  5228 | D:4      | Found a runed translucent door.
  5228 | D:4      | Noticed a human
  5232 | D:4      | Found a basalt altar of Yredelemnul.
  5280 | D:5      | Entered Level 5 of the Dungeon
  5305 | D:5      | Reached XP level 6. HP: 51/51 MP: 1/11
  5343 | D:5      | Found a sand-covered staircase.
  5350 | Ossuary  | Entered an ossuary
  7033 | D:5      | Your scales start taking on a golden yellow colour.
  7033 | D:5      | Reached XP level 7. HP: 57/57 MP: 7/13
  7033 | D:5      | Gained mutation: You are resistant to acid. (rCorr) [Yellow
                  | Draconian growth]
  7405 | D:5      | Reached skill level 5 in Stealth
  7621 | D:5      | Noticed Menkaure
  7880 | D:4      | Reached skill level 5 in Spellcasting
  8208 | D:5      | Found an iron altar of Okawaru.
  8208 | D:5      | Found a snail-covered altar of Cheibriados.
  8212 | D:5      | Became a worshipper of Warmaster Okawaru
  8234 | D:6      | Noticed Eustachio
  8443 | D:6      | Killed Eustachio
  8572 | D:6      | Found a glowing drain.
  8576 | Sewer    | Entered a sewer
  8633 | Sewer    | Learned a level 4 spell: Fulminant Prism
  8742 | Sewer    | Reached skill level 1 in Invocations
  8742 | Sewer    | Reached XP level 8. HP: 46/63 MP: 6/16
  9379 | Sewer    | Learned a level 4 spell: Iskenderun's Mystic Blast
  9582 | Sewer    | Reached skill level 1 in Translocations
 10316 | D:6      | Reached * piety under Okawaru
 10566 | D:6      | Found a staircase to the Ecumenical Temple.
 10733 | D:6      | Reached XP level 9. HP: 50/71 MP: 12/17
 10948 | D:6      | You fall into a shaft and drop 2 floors!
 11178 | D:7      | Noticed a boulder beetle
 11207 | D:7      | Killed a boulder beetle
 11207 | D:7      | Reached ** piety under Okawaru
 11459 | D:7      | Identified the +6 chain mail "Qedot" {Str+4}
 12408 | D:7      | Reached skill level 5 in Fighting
 12663 | D:8      | Found a hide-covered altar of Uskayaw.
 13437 | D:8      | Reached skill level 5 in Invocations
 14062 | D:5      | Found a snail-covered altar of Cheibriados.
 14063 | D:5      | Found an iron altar of Okawaru.
 14136 | D:5      | Killed Menkaure
 14136 | D:5      | Reached *** piety under Okawaru
 14137 | D:5      | Reached XP level 10. HP: 42/81 MP: 12/19
 14890 | D:9      | Reached skill level 1 in Shields
 15206 | D:9      | Reached skill level 2 in Shields
 15628 | D:9      | Found a radiant altar of Vehumet.
 15656 | D:9      | Found a burning altar of Makhleb.
 15758 | D:10     | Entered Level 10 of the Dungeon
 15766 | D:10     | Found a flagged portal.
 15785 | Bailey   | Entered a bailey
 15841 | Bailey   | Noticed an orc knight
 15847 | Bailey   | Identified the +2 morningstar of Jaagucut {protect, Will-
                  | Int+5}
 15847 | Bailey   | Identified the +1 crystal plate armour of Resilience {rN+
                  | Regen+ Str+4 Int-5}
 15850 | Bailey   | Identified the +1 steam dragon scales "Dav Qeri" {Fly Will-
                  | rCorr}
 15977 | Bailey   | Reached skill level 3 in Shields
 16336 | Bailey   | Killed an orc knight
 16336 | Bailey   | Reached **** piety under Okawaru
 16337 | Bailey   | Reached skill level 4 in Shields
 16595 | Bailey   | Reached skill level 5 in Shields
 16813 | D:10     | Found a staircase to the Orcish Mines.
 16977 | D:9      | Reached skill level 6 in Shields
 17524 | D:9      | Found a staircase to the Lair.
 17534 | D:9      | Identified the +0 chain mail of Fortitude {Harm rF+ rC++
                  | Stlth+}
 17536 | D:9      | Found a runed translucent gate.
 17537 | D:9      | Found a runed translucent gate.
 17537 | D:9      | Found a runed translucent gate.
 17538 | D:9      | Noticed earthworldpsion's ghost (novice MiBe)
 17634 | D:9      | Reached skill level 7 in Shields
 18136 | D:10     | Reached skill level 8 in Shields
 18265 | D:10     | Noticed a wizard
 18313 | D:10     | Killed a wizard
 18317 | D:10     | Noticed a wizard
 18528 | D:10     | Found a shadowy altar of Dithmenos.
 18537 | D:10     | Reached ***** piety under Okawaru
 18543 | D:10     | Reached XP level 11. HP: 77/89 MP: 12/20
 18783 | D:10     | Noticed a wizard
 18788 | D:10     | Noticed a wizard
 18793 | D:10     | Killed a wizard
 18793 | D:10     | Identified the +9 arbalest "Moseotag" {flame, Int+4 Dex+2}
                  | (Okawaru gifted it to you on level 10 of the Dungeon)
 18793 | D:10     | Received a gift from Okawaru
 18794 | D:10     | Reached skill level 9 in Shields
 18801 | D:10     | Killed a wizard
 18808 | D:10     | Noticed a wizard
 18833 | D:10     | Cast into level 3 of the Abyss (a wizard)
 18883 | Abyss:3  | Noticed a large abomination
 18887 | Abyss:3  | Noticed a red ugly thing
 18891 | Abyss:3  | Noticed a red very ugly thing
 18891 | Abyss:3  | Noticed a red very ugly thing
 18891 | Abyss:3  | Noticed a red very ugly thing
 18892 | Abyss:3  | Noticed a red very ugly thing
 18893 | Abyss:3  | Found an ancient bone altar of Kikubaaqudgha.
 18893 | Abyss:3  | Noticed a red ugly thing
 18903 | Abyss:3  | Noticed a tentacled starspawn
 18931 | Abyss:3  | Noticed a tentacled starspawn
 18940 | D:10     | Escaped the Abyss
 18944 | D:10     | Killed a wizard
 19058 | D:10     | Found the +3 warlock's mirror {reflect}
 19075 | D:10     | Noticed a wizard
 19476 | D:11     | Reached skill level 10 in Shields
 19522 | D:11     | Noticed a two-headed ogre
 19536 | D:11     | Killed a two-headed ogre
 20371 | D:10     | Learned a level 5 spell: Irradiate
 20432 | D:10     | Cast into level 2 of the Abyss (a wizard)
 20503 | Abyss:2  | Noticed a hellephant
 20529 | Abyss:2  | Noticed a +2 halberd of venom
 20529 | Abyss:2  | Noticed a spatial maelstrom
 20530 | Abyss:2  | Noticed a sixfirhy
 20548 | Abyss:2  | Noticed a thrashing horror
 20552 | D:10     | Escaped the Abyss
 20723 | D:11     | Reached skill level 1 in Transmutations
 20908 | D:11     | Noticed a two-headed ogre
 20919 | D:11     | Killed a two-headed ogre
 21596 | D:12     | Found Pinuirud's Book Emporium.
 21926 | D:12     | Found Weupry's Assorted Antiques.
 21930 | D:12     | Bought a scroll of identify for 46 gold pieces
 21930 | D:12     | Bought a scroll of blinking for 172 gold pieces
 22257 | D:12     | Reached skill level 5 in Transmutations
 22754 | D:12     | Reached skill level 1 in Hexes
 22897 | D:12     | Found Weupry's Assorted Antiques.
 23190 | D:12     | Found Pinuirud's Book Emporium.
 23670 | D:13     | Noticed a necromancer
 23679 | D:13     | Noticed a necromancer
 23685 | D:13     | Killed a necromancer
 23685 | D:13     | Identified the -5 cloak of Okawaru's Pride {Str+4} (Okawaru
                  | gifted it to you on level 13 of the Dungeon)
 23685 | D:13     | Received a gift from Okawaru
 23687 | D:13     | Killed a necromancer
 23826 | D:13     | Found a gate to the Vaults.
 23877 | D:13     | Reached skill level 5 in Dodging
 23877 | D:13     | Reached XP level 12. HP: 22/96 MP: 18/21
 24003 | D:13     | Noticed a two-headed ogre
 24008 | D:13     | Killed a two-headed ogre
 24233 | D:13     | Found a frozen archway.
 24237 | IceCv    | Entered an ice cave
 25149 | IceCv    | Noticed a death yak
 25154 | IceCv    | Reached skill level 1 in Evocations
 25159 | IceCv    | Killed a death yak
 25207 | IceCv    | Mangled by a white ugly thing

Illustrated notes

Levels and vault maps discovered:
D:1:      dpeg_arrival_more_subterranean_lakeside_camping, layout_basic,
          serial_shops, nicolae_square_shop
D:2:      layout_loops_cross, bh_walls_and_bars
D:3:      layout_loops_ring, lemuel_round_altar,
          shapermc_ecumenical_altar_rom_forum, uniq_terence,
          uniq_crazy_yiuf_cottage
D:4:      layout_basic, grunt_temple_overflow_order_and_chaos_1,
          dk_yredelemnul_ordeal, nicolae_elyvilon_temple_path,
          mainiacjoe_overflow_catwalk, minmay_misc_feat_doors,
          minmay_increasing_density
D:5:      layout_rooms, gammafunk_temple_overflow_wave,
          nicolae_ossuary_entry_ruins, uniq_menkaure
D:6:      minmay_spotlight, layout_cave_pools, temple_fountains,
          gup_sewer_entry_bowl, uniq_eustachio
D:7:      layout_basic
D:8:      layout_gridville, mainiacjoe_overflow_small_starburst
D:9:      layout_basic, vehumet_crystals, mainiacjoe_overflow_alcove_1,
          david_lair_shrubbed, biasface_ghost_orc_armoury
D:10:     minmay_smoke_and_mirrors, layout_rooms, kennysheep_mini_moat,
          orc_0_dummy, enter_bailey_5, hangedman_incinerator
D:11:     layout_basic
D:12:     layout_basic, serial_shops, nicolae_shop_trees,
          nicolae_shop_competitors_out_of_business
D:13:     layout_basic, david_vaults_1, portal_ice_cave_entry_pillars_2,
          uniq_erolcha
IceCv:    ice_cave_small_giant

Skill      XL: |  1  2  3  4  5  6  7  8  9 10 11 12 |
---------------+-------------------------------------+-----
Stealth        | 2 3 4 6 |  6.0
Fighting       | 1 2 3 4 5 6 |  6.0
Conjurations   | 5 6 7 8 9 |  9.0
Spellcasting   | 3 4 5 6 7 |  7.0
Dodging        | 2 4 5 6 |  6.0
Invocations    | 1 4 5 |  5.0
Translocations | 3 6 |  6.0
Shields        | 8 10 | 10.4
Transmutations | 5 |  5.0
Hexes          | 2 |  2.0
Evocations     | 2 |  2.9
Unarmed Combat | |  0.1

Action                   |  1- 3 |  4- 6 |  7- 9 | 10-12 || total
-------------------------+-------+-------+-------+-------++-------
Melee: Unarmed           |    21 |       |       |       ||    21
       Tailslap          |     4 |    23 |     6 |     2 ||    35
       Dagger            |     5 |   253 |   103 |    26 ||   387
       Morningstar       |       |       |       |     3 ||     3
       Arbalest          |       |       |       |     2 ||     2
 Fire: Arbalest          |       |       |       |    59 ||    59
Throw: Stone             |     4 |    79 |     8 |       ||    91
       Dart              |       |       |    17 |     2 ||    19
       Boomerang         |       |       |       |     6 ||     6
 Cast: Magic Dart        |    44 |    44 |   130 |   158 ||   376
       Searing Ray       |     9 |    40 |    70 |    86 ||   205
       Iskenderun's Myst |       |       |       |     5 ||     5
       Fulminant Prism   |       |       |       |     2 ||     2
       Irradiate         |       |       |       |     5 ||     5
Invok: Heroism           |       |       |       |     2 ||     2
 Abil: Breathe Acid      |       |       |    18 |    14 ||    32
Evoke: Wand              |       |       |       |     9 ||     9
  Use: Scroll            |       |       |    12 |    12 ||    24
       Potion            |       |       |     2 |     3 ||     5
 Stab: Sleeping          |       |     6 |     2 |     2 ||    10
Armor: Skin              |     3 |    59 |    74 |   100 ||   236
Dodge: Dodged            |    14 |   150 |   178 |   285 ||   627
